 Dungeon Crawl Stone Soup version 0.22.1-1-ga44c0e5 (webtiles) character file.

121 Fang the Skirmisher (level 5, 0/51 HPs)
             Began as a Gargoyle Berserker on Oct 2, 2018.
             Was a Believer of Trog.
             Slain by a gnoll
             ... wielding a +0 spear
              (4 damage)
             ... on level 3 of the Dungeon.
             The game lasted 00:02:53 (2225 turns).

Fang the Skirmisher (Gargoyle Berserker)            Turns: 2225, Time: 00:02:54

Health: 0/51       AC:  6    Str: 27    XL:     5   Next: 5%
Magic:  5/5        EV: 12    Int:  7    God:    Trog [**....]
Gold:   79         SH:  0    Dex:  9    Spells: 4/4 levels left

rFire    . . .     SeeInvis .   a - +0 hand axe
rCold    . . .     Gourm    .   (no shield)
rNeg     + + .     Faith    .   b - +0 animal skin
rPois    ∞         Spirit   .   (no helmet)
rElec    +         Reflect  .   (no cloak)
rCorr    .         Harm     .   (no gloves)
MR       .....                  (no boots)
Stlth    ..........             (no amulet)
HPRegen  0.17/turn              j - ring of positive energy
MPRegen  0.09/turn              h - ring of stealth

@: berserking, very quick
A: negative energy resistance 1, electricity resistance, unbreathing,
petrification resistance, rot immunity, AC +4
a: Berserk, Trog's Hand, Renounce Religion


You were on level 3 of the Dungeon.
You worshipped Trog.
Trog was pleased with you.
You were hungry.

You visited 1 branch of the dungeon, and saw 3 of its levels.

You collected 79 gold pieces.

Inventory:

Hand Weapons
 a - a +0 hand axe (weapon)
Armour
 b - a +0 animal skin (worn)
Jewellery
 g - an uncursed ring of ice
 h - a ring of stealth (right hand)
 j - a ring of positive energy (left hand)
 q - an uncursed ring of ice
 t - an uncursed amulet of harm {unknown}
Wands
 s - a wand of random effects (26)
Scrolls
 e - a scroll of blinking {unknown}
 f - 2 scrolls of identify {unknown}
 i - a scroll of noise {unknown}
 k - a scroll of magic mapping {unknown}
 m - a scroll of fear {unknown}
 o - a scroll of immolation {unknown}
 p - 2 scrolls of remove curse {unknown}
 r - a scroll of teleportation {unknown}
Potions
 d - a potion of curing {unknown}
 l - 2 potions of heal wounds {unknown}
 n - 2 potions of flight {unknown}
Comestibles
 c - 7 rations


   Skills:
 + Level 4.3 Fighting
 + Level 3.9 Axes
 + Level 2.3 Armour
 + Level 2.0 Dodging
 + Level 1.4 Stealth


You had 4 spell levels left.
You didn't know any spells.
Your spell library was empty.

Dungeon Overview and Level Annotations

Branches:
Dungeon (3/15)

Altars:
Cheibriados
Makhleb
Nemelex Xobeh
Ru


Innate Abilities, Weirdness & Mutations

You are resistant to torment.
Your stone body is resilient. (AC +4)
You are immune to poison.
You resist negative energy. (rN+)
You are resistant to electric shocks. (rElec)
You can survive without breathing.
You are immune to petrification.
You are immune to rotting.


Message History

You closely miss the gnoll.
The gnoll is severely wounded.
You slash the rat!
You kill the rat!
Trog accepts your kill. The gnoll closely misses you. x2
Unknown command.
You closely miss the gnoll.
The gnoll is severely wounded.
The gnoll closely misses you.
The gnoll hits you with a spear of freezing.
* * * LOW HITPOINT WARNING * * *
The gnoll freezes you.
* * * LOW HITPOINT WARNING * * *
You hit the gnoll.
You kill the gnoll!
Trog accepts your kill.
You have reached level 5!
The gnoll hits you from afar with a spear.
You die...

......# .....#
.....# ..<..#
##....#### #
.g....... ## #.
#)†......
...#.##@)..."..
.........<..%..
########
####.#......###
.......#
#.).$....#
.##.##.#
####.###....
.##.##.# #...#
#### .##....#
#...# .####..#
#...# .####..#
#...#


You could see a gnoll.

Vanquished Creatures
  An orc wizard (D:3)
  3 gnolls (D:3)
  An adder (D:3)
  3 worms
  2 dart slugs (D:2)
  2 leopard geckos
  A giant cockroach (D:3)
  6 goblins
  4 hobgoblins
  2 quokkas (D:2)
  A ball python (D:3)
  6 bats
  2 frilled lizards
  5 kobolds
  4 rats
43 creatures vanquished.

Notes
Turn   | Place    | Note
-------+----------+-------------------------------------------
     0 | D:1      | Fang the Gargoyle Berserker began the quest for the Orb.
     0 | D:1      | Reached XP level 1. HP: 14/14 MP: 1/1
   157 | D:1      | Reached XP level 2. HP: 14/19 MP: 2/2
   316 | D:1      | Found a sparkling altar of Nemelex Xobeh.
   829 | D:2      | Found a snail-covered altar of Cheibriados.
  1149 | D:2      | Found a burning altar of Makhleb.
  1263 | D:2      | Reached XP level 3. HP: 14/24 MP: 3/3
  1469 | D:2      | Reached skill level 4 in Fighting
  1996 | D:3      | Found a sacrificial altar of Ru.
  2003 | D:3      | Reached XP level 4. HP: 22/29 MP: 4/4
  2008 | D:3      | Reached skill level 1 in Stealth
  2036 | D:3      | Reached ** piety under Trog
  2225 | D:3      | Reached XP level 5. HP: 4/34 MP: 5/5
  2225 | D:3      | Slain by a gnoll

Skill      XL: |  1  2  3  4 |
---------------+-------------+-----
Axes           | 3 |  3.9
Fighting       | 4 |  4.3
Stealth        | 1 |  1.4
Dodging        | 2 |  2.0
Armour         | |  2.3

Action                   |  1- 3 |  4- 6 || total
-------------------------+-------+-------++-------
Melee: Hand axe          |    97 |    35 ||   132
Invok: Berserk           |       |     1 ||     1
 Stab: Sleeping          |     1 |     1 ||     2
       Paralysed         |     1 |       ||     1
  Eat: Chunk             |     3 |     1 ||     4
Armor: Animal skin       |    41 |    14 ||    55
Dodge: Dodged            |    84 |    23 ||   107
